AoeStats
← Mr. Stone

Arena

505688079Analyzed
1v1 RM · 20d ago on Sep 10, 2026· 55m 10s· 2 players
Game mode
Random Map
Map size
Tiny (2 player)
Population
200
Speed
Normal
Resources
Standard
Victory
Conquest
Starting age
Dark Age
Ending age
Imperial Age
RankedLock teamsTeams togetherTeam positionsShared explorationLock speedFull tech treeHidden civsTurbo modeCheats
Victory
Defeat
🇨🇭 Magyars · Switzerland
829
+18
🇦🇷 Burmese · Argentina
864
-18
TonyMeitor
4:47 Loom
10:52 Feudal Age
11:12 Horse Collar
14:54 Wheelbarrow
22:15 Castle Age
22:42 Scale Mail Armor
22:53 Forging
23:14 Pikeman
24:35 Fortified Wall
26:32 Chain Mail Armor
26:53 Iron Casting
27:34 Arson
27:52 Squires
36:11 Man-at-Arms
37:36 Man-at-Arms
45:33 Imperial Age
44:22 Masonry
44:10 Murder Holes
45:39 Capped Ram
45:46 Halberdier
47:15 Plate Mail Armor
47:46 Blast Furnace
46:38 Treadmill Crane
50:18 Conscription
49:24 Elite Arambai
Mr. Stone
7:26 Loom
11:37 Feudal Age
17:12 Castle Age
15:53 Double-Bit Axe
15:50 Horse Collar
21:17 Scale Barding Armor
22:15 Bloodlines
25:02 Town Watch
32:43 Fletching
33:48 Ballistics
37:35 Bodkin Arrow
37:40 Padded Archer Armor
42:45 Imperial Age
42:48 Gold Mining
42:49 Stone Mining
44:00 Recurve Bow
44:04 Bracer
44:19 Leather Archer Armor
45:49 Bow Saw
46:18 Wheelbarrow
45:36 Heavy Cavalry Archer
48:10 Two-Man Saw
47:20 Corvinian Army
47:24 Husbandry
47:55 Parthian Tactics
53:57 Hand Cart
53:42 Elite Magyar Huszar
Connection lost

Rejoining the realm…

Still unreachable

The connection could not be restored.

Session expired

The server has moved on; the page needs a fresh start.